[ AOE2 MATCH · #469625458 ]
UnrankedBohemians vs Italians
[ REPLAY ANALYSIS · EXTRACTED FROM THE RECORDED GAME ]
Feudal
15:28
Castle
26:54
Imperial
31:40
| APM avg | 12.4 |
| APM peak | 35 |
| eAPM avg | 9.0 |
| Villagers / military | 77 / 80 |
Focus
⚔️ 35.3% · 🌾 64.7%
Archer ×30 · Militia ×13 · Skirmisher ×13 · Spearman ×10 · Hand Cannoneer ×6 · Trebuchet (Packed) ×5
Feudal
12:50
Castle
19:39
Imperial
—
| APM avg | 14.1 |
| APM peak | 28 |
| eAPM avg | 8.4 |
| Villagers / military | 128 / 36 |
Focus
⚔️ 15.7% · 🌾 84.3%
Genoese Crossbowman ×13 · Spearman ×10 · Battering Ram ×8 · Knight ×4 · Monk ×1
Feudal
12:17
Castle
24:47
Imperial
—
| APM avg | 12.2 |
| APM peak | 41 |
| eAPM avg | 8.4 |
| Villagers / military | 93 / 35 |
Focus
⚔️ 10.1% · 🌾 89.9%
Spearman ×33 · Trade Cart ×7 · Skirmisher ×2
Feudal
14:25
Castle
20:58
Imperial
35:10
| APM avg | 28.1 |
| APM peak | 80 |
| eAPM avg | 13.4 |
| Villagers / military | 127 / 37 |
Focus
⚔️ 15.1% · 🌾 84.9%
Chu Ko Nu ×34 · Trebuchet (Packed) ×2 · Monk ×1
Feudal
16:39
Castle
27:39
Imperial
—
| APM avg | 11.4 |
| APM peak | 28 |
| eAPM avg | 7.6 |
| Villagers / military | 81 / 40 |
Focus
⚔️ 29.9% · 🌾 70.1%
Militia ×21 · Archer ×14 · Petard ×3 · Tarkan ×2
Feudal
10:36
Castle
23:06
Imperial
32:56
| APM avg | 17.9 |
| APM peak | 51 |
| eAPM avg | 14.9 |
| Villagers / military | 172 / 28 |
Focus
⚔️ 20.2% · 🌾 79.8%
Petard ×20 · Spearman ×5 · Unknown (2550) ×3 · Kamayuk ×1 · Mangonel ×1 · Trebuchet (Packed) ×1
Feudal
12:22
Castle
29:08
Imperial
—
| APM avg | 11.6 |
| APM peak | 28 |
| eAPM avg | 8.7 |
| Villagers / military | 79 / 43 |
Focus
⚔️ 30.5% · 🌾 69.5%
Spearman ×22 · Scout Cavalry ×17 · Trade Cart ×4 · Hussite Wagon ×4
Feudal
14:25
Castle
21:46
Imperial
35:50
| APM avg | 12.2 |
| APM peak | 68 |
| eAPM avg | 7.9 |
| Villagers / military | 84 / 12 |
Focus
⚔️ 17.7% · 🌾 82.3%
Trade Cart ×12 · Skirmisher ×7 · Spearman ×5
Match map
Initial resources + every placement click. Lines = walls · curves = elevation contours. ◆ gold · ⬟ stone · ● berries · ✦ relic · ◌ wall gap
Your base· ✓ Closed at 26:54 · 0t walls · 2 gate(s)
meaglem's base· ✓ Closed at 19:39 · 0t walls · 3 gate(s)
happyhomeheating's base· ✓ Closed at 24:47 · 34t walls · 5 gate(s)
沿途捡的梦's base· ✓ Closed at 20:58 · 0t walls · 2 gate(s)
lipeestrignado's base· ✓ Closed at 27:39 · 0t walls · 2 gate(s)
东哥's base· ✓ Closed at 23:06 · 0t walls · 2 gate(s)
Gilbert's base· ✓ Closed at 29:08 · 0t walls · 2 gate(s)
SAMY LA LESBIANA's base· ✓ Closed at 21:46 · 0t walls · 2 gate(s)
Smoothed initial terrain · ◌ = detected wall gap · hover for details
Inputs per minute
— Oculists - - meaglem
Build order — Oculists
First 150 of 236 actions detected
| 0:23 | Research | Loom |
| 0:24 | Create | Villager (Male) |
| 0:25 | Create | Villager (Male) |
| 0:25 | Create | Villager (Male) |
| 0:25 | Create | Villager (Male) |
| 0:26 | Create | Villager (Male) |
| 0:39 | Build | House |
| 1:07 | Build | House |
| 1:08 | Build | House |
| 1:10 | Build | House |
| 1:18 | Build | Lumber Camp |
| 2:23 | Create | Villager (Male) |
| 2:23 | Create | Villager (Male) |
| 2:53 | Create | Villager (Male) |
| 2:54 | Create | Villager (Male) |
| 2:54 | Create | Villager (Male) |
| 3:19 | Create | Villager (Male) |
| 3:19 | Create | Villager (Male) |
| 3:56 | Create | Villager (Male) |
| 3:56 | Create | Villager (Male) |
| 3:57 | Create | Villager (Male) |
| 4:22 | Create | Villager (Male) |
| 4:22 | Create | Villager (Male) |
| 4:53 | Create | Villager (Male) |
| 4:53 | Create | Villager (Male) |
| 4:53 | Create | Villager (Male) |
| 5:19 | Create | Villager (Male) |
| 5:19 | Create | Villager (Male) |
| 5:19 | Create | Villager (Male) |
| 6:19 | Create | Villager (Male) |
| 6:19 | Create | Villager (Male) |
| 6:49 | Create | Villager (Male) |
| 6:49 | Create | Villager (Male) |
| 6:49 | Create | Villager (Male) |
| 6:49 | Create | Villager (Male) |
| 7:03 | Create | Villager (Male) |
| 7:04 | Create | Villager (Male) |
| 7:04 | Create | Villager (Male) |
| 7:23 | Create | Villager (Male) |
| 7:23 | Create | Villager (Male) |
| 7:39 | Build | House |
| 7:45 | Build | House |
| 7:46 | Build | House |
| 7:48 | Build | House |
| 8:07 | Build | Mill |
| 8:19 | Create | Villager (Male) |
| 8:48 | Build | Barracks |
| 8:58 | Create | Villager (Male) |
| 8:58 | Create | Villager (Male) |
| 8:59 | Create | Villager (Male) |
| 9:38 | Build | Mining Camp |
| 10:33 | Create | Villager (Male) |
| 10:44 | Build | Mining Camp |
| 13:19 | Research | Feudal Age |
| 13:25 | Create | Militia |
| 13:25 | Create | Militia |
| 13:39 | Create | Villager (Male) |
| 13:39 | Create | Villager (Male) |
| 13:39 | Create | Villager (Male) |
| 13:39 | Create | Villager (Male) |
| 13:40 | Create | Villager (Male) |
| 14:31 | Create | Villager (Male) |
| 14:31 | Create | Villager (Male) |
| 14:32 | Create | Villager (Male) |
| 14:49 | Create | Villager (Male) |
| 14:50 | Create | Villager (Male) |
| 14:58 | Build | House |
| 14:59 | Build | House |
| 15:00 | Build | House |
| 15:17 | Create | Villager (Male) |
| 15:17 | Create | Villager (Male) |
| 15:17 | Create | Villager (Male) |
| 15:28 | Age | Feudal Age |
| 15:31 | Build | Farm |
| 15:32 | Build | Farm |
| 15:33 | Build | Farm |
| 15:35 | Build | Farm |
| 15:38 | Build | Farm |
| 15:40 | Build | Farm |
| 15:43 | Build | Farm |
| 15:45 | Build | Farm |
| 15:47 | Build | Farm |
| 15:49 | Build | Farm |
| 15:50 | Build | Farm |
| 15:52 | Build | Farm |
| 15:53 | Build | Farm |
| 15:55 | Build | Farm |
| 16:00 | Build | Farm |
| 16:11 | Build | Archery Range |
| 16:23 | Create | Villager (Male) |
| 16:23 | Create | Villager (Male) |
| 16:23 | Create | Villager (Male) |
| 16:24 | Create | Villager (Male) |
| 16:36 | Build | Blacksmith |
| 17:46 | Build | Market |
| 18:15 | Build | Market |
| 18:30 | Create | Villager (Male) |
| 18:30 | Create | Villager (Male) |
| 18:31 | Create | Villager (Male) |
| 18:31 | Create | Villager (Male) |
| 18:43 | Create | Spearman |
| 18:54 | Create | Skirmisher |
| 18:54 | Create | Skirmisher |
| 19:01 | Create | Villager (Male) |
| 19:01 | Create | Villager (Male) |
| 20:00 | Create | Villager (Male) |
| 20:09 | Create | Archer |
| 20:10 | Create | Archer |
| 20:21 | Create | Villager (Male) |
| 20:44 | Create | Archer |
| 20:44 | Create | Archer |
| 21:17 | Build | Watch Tower |
| 21:34 | Research | Castle Age |
| 21:39 | Create | Archer |
| 21:39 | Create | Archer |
| 21:47 | Create | Spearman |
| 22:05 | Build | House |
| 22:07 | Build | House |
| 22:09 | Build | House |
| 22:45 | Create | Archer |
| 22:46 | Create | Skirmisher |
| 22:50 | Research | Man-at-Arms (upgrade) |
| 22:57 | Research | Double-Bit Axe |
| 23:03 | Research | Horse Collar |
| 23:15 | Create | Archer |
| 23:15 | Create | Archer |
| 23:22 | Build | Archery Range |
| 23:29 | Build | Barracks |
| 24:41 | Create | Archer |
| 24:41 | Create | Archer |
| 25:33 | Build | House |
| 25:35 | Build | House |
| 25:37 | Build | House |
| 25:40 | Build | House |
| 26:09 | Create | Militia |
| 26:10 | Create | Militia |
| 26:10 | Create | Spearman |
| 26:15 | Create | Archer |
| 26:15 | Create | Archer |
| 26:54 | Age | Castle Age |
| 26:58 | Build | Castle |
| 27:12 | Build | Town Center |
| 27:23 | Build | Town Center |
| 27:48 | Research | Crossbowman (upgrade) |
| 28:04 | Research | Pikeman (upgrade) |
| 28:30 | Research | Imperial Age |
| 28:35 | Create | Archer |
| 28:36 | Create | Archer |
| 28:36 | Create | Archer |
| 28:53 | Create | Villager (Male) |
Build order — meaglem
First 150 of 168 actions detected
| 0:03 | Create | Villager (Male) ×4 |
| 0:34 | Build | House |
| 0:49 | Build | House |
| 1:30 | Build | House |
| 2:35 | Create | Villager (Male) |
| 3:04 | Create | Villager (Male) |
| 3:20 | Create | Villager (Male) |
| 3:21 | Create | Villager (Male) |
| 3:42 | Build | Mill |
| 4:03 | Create | Villager (Male) |
| 5:02 | Create | Villager (Male) ×2 |
| 5:40 | Create | Villager (Male) ×2 |
| 6:00 | Create | Villager (Male) |
| 6:42 | Build | House |
| 7:18 | Create | Villager (Male) ×5 |
| 7:19 | Create | Villager (Male) |
| 7:44 | Build | House |
| 9:46 | Build | Lumber Camp |
| 9:50 | Create | Villager (Male) |
| 10:06 | Create | Villager (Male) ×5 |
| 10:35 | Research | Feudal Age |
| 10:44 | Research | Loom |
| 11:44 | Build | House |
| 11:59 | Build | Farm |
| 12:00 | Build | Farm |
| 12:32 | Build | Farm |
| 12:50 | Age | Feudal Age |
| 12:51 | Build | House |
| 12:52 | Build | House |
| 13:39 | Create | Villager (Male) ×5 |
| 14:07 | Build | House |
| 14:15 | Build | Blacksmith |
| 14:30 | Build | Farm |
| 14:33 | Build | Farm |
| 15:28 | Build | Market |
| 15:33 | Build | Farm |
| 15:34 | Build | Farm |
| 15:42 | Create | Villager (Male) |
| 15:49 | Build | Farm |
| 15:54 | Create | Villager (Male) |
| 16:01 | Build | House |
| 16:02 | Build | House |
| 16:03 | Build | House |
| 16:59 | Research | Castle Age |
| 18:06 | Build | House |
| 18:07 | Build | House |
| 18:08 | Build | House |
| 18:23 | Build | Mining Camp |
| 18:37 | Create | Villager (Male) ×5 |
| 18:38 | Create | Villager (Male) ×5 |
| 18:38 | Create | Villager (Male) ×5 |
| 18:38 | Create | Villager (Male) |
| 19:39 | Age | Castle Age |
| 19:47 | Build | Town Center |
| 20:05 | Build | Town Center |
| 20:15 | Research | Stone Mining |
| 20:21 | Research | Double-Bit Axe |
| 20:25 | Create | Villager (Male) ×2 |
| 20:46 | Create | Villager (Male) |
| 20:58 | Build | Farm |
| 21:19 | Create | Villager (Male) ×2 |
| 21:26 | Build | Farm |
| 21:48 | Create | Villager (Male) |
| 21:57 | Create | Villager (Male) |
| 22:00 | Build | Farm |
| 22:16 | Build | Farm |
| 22:25 | Create | Villager (Male) |
| 22:37 | Create | Villager (Male) |
| 22:42 | Build | Farm |
| 22:46 | Build | Farm |
| 22:50 | Build | Farm |
| 22:53 | Build | Farm |
| 22:57 | Create | Villager (Male) |
| 23:01 | Create | Villager (Male) |
| 23:09 | Build | Farm |
| 23:27 | Create | Villager (Male) |
| 23:31 | Create | Villager (Male) |
| 23:48 | Create | Villager (Male) |
| 23:50 | Create | Villager (Male) |
| 24:11 | Build | Barracks |
| 24:40 | Build | Castle |
| 24:47 | Create | Villager (Male) |
| 24:48 | Create | Villager (Male) |
| 24:50 | Create | Villager (Male) |
| 24:51 | Create | Villager (Male) |
| 24:52 | Create | Villager (Male) |
| 24:54 | Create | Villager (Male) |
| 24:54 | Create | Villager (Male) |
| 24:57 | Build | Farm |
| 24:58 | Build | Farm |
| 25:29 | Build | Mining Camp |
| 26:18 | Build | Siege Workshop |
| 26:36 | Create | Villager (Male) ×5 |
| 26:39 | Create | Villager (Male) ×5 |
| 26:42 | Create | Villager (Male) |
| 26:43 | Create | Villager (Male) |
| 26:43 | Create | Villager (Male) |
| 26:44 | Create | Villager (Male) |
| 27:08 | Build | University |
| 27:17 | Build | Monastery |
| 27:23 | Build | Farm |
| 27:24 | Build | Farm |
| 27:28 | Create | Battering Ram |
| 27:39 | Create | Spearman ×5 |
| 27:49 | Build | Farm |
| 27:51 | Build | Farm |
| 27:53 | Create | Villager (Male) ×5 |
| 27:53 | Create | Villager (Male) ×5 |
| 27:59 | Create | Villager (Male) |
| 28:07 | Build | Farm |
| 28:08 | Build | Farm |
| 28:31 | Research | Murder Holes |
| 28:35 | Create | Monk |
| 29:00 | Build | Mining Camp |
| 29:05 | Research | Gold Mining |
| 29:27 | Research | Ballistics |
| 29:57 | Research | Pikeman (upgrade) |
| 30:24 | Create | Battering Ram |
| 30:35 | Create | Villager (Male) ×5 |
| 30:36 | Create | Villager (Male) ×5 |
| 30:39 | Create | Villager (Male) ×5 |
| 30:40 | Create | Villager (Male) ×2 |
| 30:44 | Build | Farm |
| 30:45 | Build | Farm |
| 30:47 | Build | Farm |
| 30:48 | Build | Farm |
| 30:49 | Build | Farm |
| 30:50 | Build | Farm |
| 31:04 | Create | Battering Ram |
| 31:19 | Build | Stable |
| 31:27 | Build | Mill |
| 31:36 | Build | Lumber Camp |
| 31:40 | Research | Wheelbarrow |
| 31:40 | Research | Town Watch |
| 31:55 | Create | Spearman ×5 |
| 32:07 | Research | Treadmill Crane |
| 32:22 | Build | House |
| 32:24 | Build | House |
| 32:25 | Build | House |
| 32:31 | Create | Knight |
| 32:32 | Create | Knight |
| 32:32 | Create | Knight |
| 32:45 | Build | Archery Range |
| 33:38 | Create | Genoese Crossbowman ×3 |
| 33:43 | Build | Farm |
| 33:49 | Build | Farm |
| 33:50 | Build | Farm |
| 33:51 | Build | Farm |
| 33:56 | Build | Farm |
| 33:57 | Build | Farm |
Build order — happyhomeheating
First 150 of 201 actions detected
| 0:12 | Build | House |
| 0:16 | Build | House |
| 0:17 | Build | House |
| 0:18 | Build | House |
| 0:24 | Create | Villager (Male) |
| 0:24 | Create | Villager (Male) |
| 0:24 | Create | Villager (Male) |
| 0:24 | Create | Villager (Male) |
| 0:25 | Create | Villager (Male) |
| 1:55 | Create | Villager (Male) |
| 2:41 | Create | Villager (Male) |
| 3:01 | Create | Villager (Male) |
| 3:32 | Create | Villager (Male) |
| 4:01 | Create | Villager (Male) |
| 4:22 | Create | Villager (Male) |
| 4:59 | Build | Mill |
| 5:07 | Research | Loom |
| 5:10 | Create | Villager (Male) |
| 5:10 | Create | Villager (Male) |
| 5:10 | Create | Villager (Male) |
| 6:03 | Create | Villager (Male) |
| 6:18 | Create | Villager (Male) |
| 6:50 | Create | Villager (Male) |
| 6:50 | Create | Villager (Male) |
| 6:50 | Create | Villager (Male) |
| 7:05 | Build | Barracks |
| 7:26 | Build | Mill |
| 7:43 | Build | Lumber Camp |
| 8:57 | Research | Loom |
| 10:07 | Research | Feudal Age |
| 12:17 | Age | Feudal Age |
| 12:22 | Research | Wheelbarrow |
| 12:32 | Research | Double-Bit Axe |
| 12:37 | Create | Villager (Male) |
| 12:37 | Create | Villager (Male) |
| 12:37 | Create | Villager (Male) |
| 12:38 | Create | Villager (Male) |
| 13:08 | Build | Farm |
| 13:10 | Build | Farm |
| 13:10 | Build | Farm |
| 13:12 | Build | Farm |
| 13:15 | Build | Farm |
| 13:16 | Build | Farm |
| 13:26 | Build | Farm |
| 13:30 | Create | Villager (Male) |
| 13:31 | Create | Villager (Male) |
| 13:31 | Create | Villager (Male) |
| 13:31 | Create | Villager (Male) |
| 13:31 | Create | Villager (Male) |
| 13:32 | Create | Villager (Male) |
| 13:32 | Create | Villager (Male) |
| 14:53 | Build | House |
| 14:57 | Build | House |
| 14:58 | Build | House |
| 15:07 | Build | House |
| 15:08 | Build | House |
| 15:09 | Build | House |
| 15:37 | Research | Horse Collar |
| 15:57 | Build | Mining Camp |
| 16:16 | Build | Farm |
| 16:18 | Build | Farm |
| 17:09 | Build | Farm |
| 17:11 | Build | Farm |
| 17:13 | Build | Farm |
| 17:18 | Build | Farm |
| 17:50 | Build | Stone Wall |
| 18:09 | Create | Villager (Male) |
| 18:10 | Create | Villager (Male) |
| 18:10 | Create | Villager (Male) |
| 18:10 | Create | Villager (Male) |
| 18:10 | Create | Villager (Male) |
| 18:29 | Build | Blacksmith |
| 18:44 | Build | Market |
| 18:55 | Create | Villager (Male) |
| 18:55 | Create | Villager (Male) |
| 19:27 | Build | Farm |
| 19:34 | Build | Farm |
| 19:57 | Build | Farm |
| 20:11 | Build | Mining Camp |
| 20:22 | Build | Gate |
| 20:37 | Build | Farm |
| 20:51 | Build | Farm |
| 21:12 | Create | Villager (Male) |
| 21:18 | Build | Farm |
| 21:24 | Research | Gold Mining |
| 21:55 | Build | Farm |
| 22:07 | Research | Castle Age |
| 22:26 | Create | Trade Cart |
| 22:26 | Create | Trade Cart |
| 22:26 | Create | Trade Cart |
| 22:27 | Create | Trade Cart |
| 23:03 | Create | Trade Cart |
| 24:05 | Build | Gate |
| 24:26 | Build | Lumber Camp |
| 24:47 | Age | Castle Age |
| 24:49 | Research | Hand Cart |
| 25:08 | Create | Villager (Male) |
| 25:09 | Create | Villager (Male) |
| 25:09 | Create | Villager (Male) |
| 25:09 | Create | Villager (Male) |
| 25:09 | Create | Villager (Male) |
| 25:10 | Create | Villager (Male) |
| 25:10 | Create | Villager (Male) |
| 25:17 | Research | Bow Saw |
| 25:24 | Build | Farm |
| 25:48 | Build | Farm |
| 26:05 | Build | Farm |
| 26:25 | Research | Stone Mining |
| 26:30 | Create | Villager (Male) |
| 26:30 | Create | Villager (Male) |
| 26:46 | Research | Coinage |
| 26:50 | Research | Caravan |
| 26:52 | Create | Trade Cart |
| 26:52 | Create | Trade Cart |
| 27:03 | Create | Spearman ×4 |
| 27:05 | Research | Pikeman (upgrade) |
| 27:06 | Research | Squires |
| 27:32 | Create | Spearman ×2 |
| 27:47 | Create | Villager (Male) |
| 27:48 | Create | Villager (Male) |
| 28:04 | Build | Farm |
| 28:25 | Build | House |
| 28:29 | Build | House |
| 28:30 | Build | House |
| 28:33 | Build | House |
| 28:34 | Build | House |
| 28:35 | Build | House |
| 28:47 | Create | Villager (Male) |
| 28:47 | Create | Villager (Male) |
| 28:48 | Create | Villager (Male) |
| 28:53 | Create | Spearman ×5 |
| 28:53 | Create | Spearman ×5 |
| 29:39 | Create | Spearman ×5 |
| 29:39 | Create | Spearman |
| 29:46 | Research | Forging |
| 29:48 | Research | Scale Mail Armor |
| 29:48 | Research | Fletching |
| 30:00 | Create | Villager (Male) |
| 30:00 | Create | Villager (Male) |
| 31:03 | Build | Town Center |
| 31:36 | Create | Villager (Male) |
| 31:36 | Create | Villager (Male) |
| 31:37 | Create | Villager (Male) |
| 31:41 | Research | Gold Shaft Mining |
| 31:45 | Create | Spearman ×5 |
| 31:46 | Create | Spearman ×5 |
| 31:46 | Create | Spearman |
| 31:54 | Build | Archery Range |
| 32:10 | Build | Farm |
| 32:17 | Build | Farm |
Build order — 沿途捡的梦
First 150 of 284 actions detected
| 0:08 | Build | House |
| 0:10 | Build | House |
| 1:20 | Create | Villager (Male) |
| 1:20 | Create | Villager (Male) |
| 1:20 | Create | Villager (Male) |
| 1:55 | Create | Villager (Male) |
| 1:55 | Create | Villager (Male) |
| 1:56 | Create | Villager (Male) |
| 1:56 | Create | Villager (Male) |
| 2:38 | Create | Villager (Male) |
| 2:39 | Create | Villager (Male) |
| 2:39 | Create | Villager (Male) |
| 2:39 | Create | Villager (Male) |
| 3:12 | Create | Villager (Male) |
| 3:12 | Create | Villager (Male) |
| 3:12 | Create | Villager (Male) |
| 3:13 | Create | Villager (Male) |
| 3:13 | Create | Villager (Male) |
| 4:31 | Create | Villager (Male) |
| 4:31 | Create | Villager (Male) |
| 4:31 | Create | Villager (Male) |
| 4:32 | Create | Villager (Male) |
| 4:32 | Create | Villager (Male) |
| 4:32 | Create | Villager (Male) |
| 4:32 | Create | Villager (Male) |
| 5:10 | Create | Villager (Male) |
| 5:10 | Create | Villager (Male) |
| 5:11 | Create | Villager (Male) |
| 5:35 | Create | Villager (Male) |
| 5:35 | Create | Villager (Male) |
| 5:36 | Create | Villager (Male) |
| 5:36 | Create | Villager (Male) |
| 5:36 | Create | Villager (Male) |
| 6:34 | Build | Lumber Camp |
| 7:37 | Create | Villager (Male) |
| 7:37 | Create | Villager (Male) |
| 7:37 | Create | Villager (Male) |
| 8:36 | Build | House |
| 8:50 | Build | Mill |
| 9:25 | Build | Lumber Camp |
| 9:40 | Research | Feudal Age |
| 9:45 | Create | Villager (Male) |
| 9:45 | Create | Villager (Male) |
| 9:45 | Create | Villager (Male) |
| 9:45 | Create | Villager (Male) |
| 9:46 | Create | Villager (Male) |
| 9:47 | Create | Villager (Male) |
| 11:29 | Build | House |
| 11:45 | Build | House |
| 11:52 | Research | Feudal Age |
| 12:24 | Build | Mining Camp |
| 12:32 | Research | Loom |
| 12:42 | Build | Mining Camp |
| 13:26 | Build | Barracks |
| 14:25 | Age | Feudal Age |
| 14:39 | Build | Blacksmith |
| 14:50 | Build | Archery Range |
| 15:22 | Create | Villager (Male) |
| 15:35 | Research | Horse Collar |
| 15:57 | Build | Farm |
| 16:00 | Build | Farm |
| 16:00 | Build | Farm |
| 16:00 | Build | Farm |
| 16:00 | Build | Farm |
| 16:01 | Build | Farm |
| 16:01 | Build | Farm |
| 16:03 | Build | Farm |
| 16:03 | Build | Farm |
| 16:03 | Build | Farm |
| 16:04 | Build | Farm |
| 16:04 | Build | Farm |
| 16:04 | Build | Farm |
| 16:07 | Build | Farm |
| 16:07 | Build | Farm |
| 16:09 | Build | Farm |
| 16:09 | Build | Farm |
| 16:23 | Create | Villager (Male) |
| 16:23 | Create | Villager (Male) |
| 16:24 | Create | Villager (Male) |
| 16:31 | Build | Farm |
| 16:36 | Build | Farm |
| 18:18 | Research | Castle Age |
| 18:42 | Research | Horse Collar |
| 18:55 | Build | Mill |
| 20:58 | Age | Castle Age |
| 21:03 | Build | Monastery |
| 21:18 | Build | Castle |
| 21:47 | Build | House |
| 21:53 | Build | House |
| 21:57 | Build | House |
| 22:09 | Create | Monk |
| 22:32 | Build | Town Center |
| 22:45 | Build | Town Center |
| 22:51 | Create | Villager (Male) |
| 22:51 | Create | Villager (Male) |
| 22:51 | Create | Villager (Male) |
| 22:51 | Create | Villager (Male) |
| 22:52 | Create | Villager (Male) |
| 22:52 | Create | Villager (Male) |
| 22:52 | Create | Villager (Male) |
| 22:53 | Research | Heavy Plow |
| 22:55 | Research | Double-Bit Axe |
| 23:00 | Create | Villager (Male) |
| 23:00 | Create | Villager (Male) |
| 23:01 | Create | Villager (Male) |
| 23:01 | Create | Villager (Male) |
| 23:01 | Create | Villager (Male) |
| 23:02 | Create | Villager (Male) |
| 23:02 | Create | Villager (Male) |
| 23:02 | Create | Villager (Male) |
| 23:02 | Create | Villager (Male) |
| 23:03 | Create | Villager (Male) |
| 23:48 | Create | Villager (Male) |
| 23:48 | Create | Villager (Male) |
| 23:48 | Create | Villager (Male) |
| 23:49 | Create | Villager (Male) |
| 23:49 | Create | Villager (Male) |
| 23:49 | Create | Villager (Male) |
| 23:49 | Create | Villager (Male) |
| 24:14 | Create | Villager (Male) |
| 24:25 | Create | Villager (Male) |
| 24:25 | Create | Villager (Male) |
| 24:26 | Create | Villager (Male) |
| 24:26 | Create | Villager (Male) |
| 24:26 | Create | Villager (Male) |
| 24:26 | Create | Villager (Male) |
| 24:27 | Create | Villager (Male) |
| 24:27 | Create | Villager (Male) |
| 25:07 | Build | Castle |
| 25:33 | Build | House |
| 25:36 | Build | House |
| 25:40 | Build | House |
| 25:58 | Create | Villager (Male) |
| 25:58 | Create | Villager (Male) |
| 25:59 | Create | Villager (Male) |
| 25:59 | Create | Villager (Male) |
| 25:59 | Create | Villager (Male) |
| 25:59 | Create | Villager (Male) |
| 26:00 | Create | Villager (Male) |
| 26:00 | Create | Villager (Male) |
| 26:00 | Create | Villager (Male) |
| 26:08 | Build | Farm |
| 26:08 | Build | Farm |
| 26:09 | Build | Farm |
| 26:10 | Build | Farm |
| 26:10 | Build | Farm |
| 26:11 | Build | Farm |
| 26:11 | Build | Farm |
| 26:14 | Build | Farm |
| 26:27 | Create | Villager (Male) |
Build order — lipeestrignado
First 150 of 183 actions detected
| 0:07 | Create | Villager (Male) |
| 0:07 | Create | Villager (Male) |
| 0:08 | Create | Villager (Male) |
| 0:08 | Create | Villager (Male) |
| 0:08 | Create | Villager (Male) |
| 0:08 | Create | Villager (Male) |
| 1:36 | Create | Villager (Male) |
| 1:36 | Create | Villager (Male) |
| 2:24 | Create | Villager (Male) |
| 2:24 | Create | Villager (Male) |
| 2:24 | Create | Villager (Male) |
| 2:57 | Build | Mill |
| 3:13 | Create | Villager (Male) |
| 3:13 | Create | Villager (Male) |
| 3:14 | Create | Villager (Male) |
| 3:38 | Create | Villager (Male) |
| 3:39 | Create | Villager (Male) |
| 4:18 | Create | Villager (Male) |
| 4:18 | Create | Villager (Male) |
| 4:46 | Create | Villager (Male) |
| 4:46 | Create | Villager (Male) |
| 5:13 | Create | Villager (Male) |
| 5:13 | Create | Villager (Male) |
| 5:27 | Create | Villager (Male) |
| 5:27 | Create | Villager (Male) |
| 6:07 | Create | Villager (Male) |
| 6:07 | Create | Villager (Male) |
| 6:37 | Create | Villager (Male) |
| 6:38 | Create | Villager (Male) |
| 6:38 | Create | Villager (Male) |
| 6:55 | Build | Farm |
| 6:59 | Build | Farm |
| 7:10 | Build | Lumber Camp |
| 7:26 | Create | Villager (Male) |
| 7:26 | Create | Villager (Male) |
| 7:26 | Create | Villager (Male) |
| 7:57 | Create | Villager (Male) |
| 7:57 | Create | Villager (Male) |
| 7:58 | Create | Villager (Male) |
| 7:59 | Create | Villager (Male) |
| 8:05 | Create | Villager (Male) |
| 8:06 | Create | Villager (Male) |
| 8:06 | Create | Villager (Male) |
| 8:43 | Build | Farm |
| 8:47 | Build | Farm |
| 9:13 | Build | Farm |
| 9:35 | Create | Villager (Male) |
| 9:36 | Create | Villager (Male) |
| 9:36 | Create | Villager (Male) |
| 9:37 | Create | Villager (Male) |
| 9:37 | Create | Villager (Male) |
| 9:37 | Create | Villager (Male) |
| 9:38 | Create | Villager (Male) |
| 10:21 | Build | Farm |
| 10:28 | Build | Farm |
| 10:40 | Build | Farm |
| 10:45 | Build | Farm |
| 11:04 | Build | Farm |
| 11:37 | Build | Farm |
| 12:02 | Build | Farm |
| 12:28 | Build | Farm |
| 12:31 | Research | Feudal Age |
| 12:53 | Build | Farm |
| 13:21 | Build | Farm |
| 13:43 | Build | Farm |
| 14:09 | Build | Farm |
| 14:37 | Build | Farm |
| 15:26 | Build | Farm |
| 15:38 | Create | Villager (Male) |
| 15:38 | Create | Villager (Male) |
| 15:38 | Create | Villager (Male) |
| 15:39 | Create | Villager (Male) |
| 15:39 | Create | Villager (Male) |
| 15:40 | Create | Villager (Male) |
| 15:40 | Create | Villager (Male) |
| 15:41 | Create | Villager (Male) |
| 15:41 | Create | Villager (Male) |
| 15:41 | Create | Villager (Male) |
| 15:41 | Create | Villager (Male) |
| 15:42 | Create | Villager (Male) |
| 15:42 | Create | Villager (Male) |
| 15:43 | Create | Villager (Male) |
| 15:43 | Create | Villager (Male) |
| 16:39 | Age | Feudal Age |
| 16:54 | Research | Horse Collar |
| 16:57 | Research | Double-Bit Axe |
| 17:18 | Build | Mining Camp |
| 18:12 | Build | Blacksmith |
| 18:16 | Build | Market |
| 18:25 | Build | Barracks |
| 18:45 | Research | Gold Mining |
| 18:50 | Research | Stone Mining |
| 18:54 | Create | Villager (Male) |
| 18:54 | Create | Villager (Male) |
| 19:02 | Create | Villager (Male) |
| 19:02 | Create | Villager (Male) |
| 19:02 | Create | Villager (Male) |
| 19:02 | Create | Villager (Male) |
| 19:03 | Create | Villager (Male) |
| 19:59 | Research | Man-at-Arms (upgrade) |
| 19:59 | Research | Arson |
| 20:56 | Build | Mining Camp |
| 21:06 | Create | Militia |
| 21:06 | Create | Militia |
| 21:07 | Create | Militia |
| 21:07 | Create | Militia |
| 21:07 | Create | Militia |
| 21:07 | Create | Militia |
| 21:08 | Create | Militia |
| 21:09 | Create | Militia |
| 21:55 | Research | Castle Age |
| 22:11 | Research | Scale Mail Armor |
| 22:12 | Research | Scale Barding Armor |
| 22:14 | Research | Fletching |
| 22:15 | Research | Padded Archer Armor |
| 22:23 | Build | Archery Range |
| 22:29 | Build | Stable |
| 22:58 | Build | Farm |
| 23:27 | Build | Farm |
| 23:34 | Research | Forging |
| 23:56 | Build | Farm |
| 24:04 | Research | Loom |
| 24:04 | Research | Wheelbarrow |
| 24:20 | Build | Farm |
| 24:40 | Build | Mining Camp |
| 24:48 | Build | Farm |
| 25:07 | Build | Farm |
| 25:20 | Create | Archer |
| 25:20 | Create | Archer |
| 25:21 | Create | Archer |
| 25:21 | Create | Archer |
| 25:21 | Create | Archer |
| 25:21 | Create | Archer |
| 25:22 | Create | Archer |
| 25:22 | Create | Archer |
| 25:22 | Create | Archer |
| 25:23 | Create | Archer |
| 25:23 | Create | Archer |
| 25:24 | Create | Archer |
| 25:25 | Create | Archer |
| 25:25 | Create | Archer |
| 27:39 | Age | Castle Age |
| 27:43 | Research | Long Swordsman (upgrade) |
| 27:43 | Research | Squires |
| 27:48 | Research | Chain Mail Armor |
| 27:49 | Research | Chain Barding Armor |
| 27:50 | Research | Iron Casting |
| 27:51 | Research | Bodkin Arrow |
| 29:49 | Research | Crossbowman (upgrade) |
| 31:33 | Create | Militia |
Build order — 东哥
First 150 of 312 actions detected
| 0:03 | Research | Loom |
| 0:04 | Research | Loom |
| 0:04 | Research | Loom |
| 0:04 | Create | Villager (Male) |
| 0:05 | Create | Villager (Male) |
| 0:05 | Create | Villager (Male) |
| 0:06 | Create | Villager (Male) |
| 0:06 | Create | Villager (Male) |
| 0:06 | Create | Villager (Male) |
| 0:28 | Build | House |
| 1:01 | Build | House |
| 2:10 | Create | Villager (Male) |
| 2:21 | Build | Settlement |
| 2:45 | Create | Villager (Male) |
| 2:46 | Create | Villager (Male) |
| 3:19 | Create | Villager (Male) |
| 3:20 | Create | Villager (Male) |
| 3:20 | Create | Villager (Male) |
| 3:59 | Create | Villager (Male) |
| 4:00 | Create | Villager (Male) |
| 4:00 | Create | Villager (Male) |
| 4:27 | Create | Villager (Male) |
| 4:28 | Create | Villager (Male) |
| 4:28 | Create | Villager (Male) |
| 4:37 | Create | Villager (Male) |
| 4:37 | Create | Villager (Male) |
| 4:37 | Create | Villager (Male) |
| 5:06 | Create | Villager (Male) |
| 5:06 | Create | Villager (Male) |
| 5:06 | Create | Villager (Male) |
| 5:07 | Create | Villager (Male) |
| 5:44 | Create | Villager (Male) |
| 5:44 | Create | Villager (Male) |
| 5:45 | Create | Villager (Male) |
| 5:45 | Create | Villager (Male) |
| 6:14 | Create | Villager (Male) |
| 6:40 | Create | Villager (Male) |
| 6:40 | Create | Villager (Male) |
| 8:26 | Research | Feudal Age |
| 8:26 | Research | Feudal Age |
| 9:06 | Build | Settlement |
| 9:32 | Build | Settlement |
| 10:36 | Age | Feudal Age |
| 10:43 | Research | Wheelbarrow |
| 10:43 | Research | Wheelbarrow |
| 10:44 | Research | Town Watch |
| 10:44 | Research | Town Watch |
| 10:45 | Research | Town Watch |
| 10:48 | Research | Double-Bit Axe |
| 10:56 | Research | Horse Collar |
| 11:04 | Create | Villager (Male) |
| 11:15 | Research | Gold Mining |
| 11:37 | Create | Villager (Male) |
| 11:37 | Create | Villager (Male) |
| 11:37 | Create | Villager (Male) |
| 12:04 | Research | Stone Mining |
| 12:04 | Research | Stone Mining |
| 12:30 | Create | Villager (Male) |
| 12:30 | Create | Villager (Male) |
| 12:30 | Create | Villager (Male) |
| 12:31 | Create | Villager (Male) |
| 12:41 | Build | Farm |
| 12:42 | Build | Farm |
| 12:53 | Build | Farm |
| 12:56 | Create | Villager (Male) |
| 12:57 | Create | Villager (Male) |
| 12:57 | Create | Villager (Male) |
| 13:39 | Build | Barracks |
| 13:48 | Create | Villager (Male) |
| 13:48 | Create | Villager (Male) |
| 13:48 | Create | Villager (Male) |
| 13:48 | Create | Villager (Male) |
| 13:56 | Build | Farm |
| 14:05 | Build | Farm |
| 14:09 | Create | Villager (Male) |
| 14:09 | Create | Villager (Male) |
| 14:17 | Create | Villager (Male) |
| 14:18 | Create | Villager (Male) |
| 14:18 | Create | Villager (Male) |
| 14:55 | Build | Archery Range |
| 15:14 | Build | Market |
| 15:30 | Build | Farm |
| 15:33 | Create | Villager (Male) |
| 15:34 | Create | Villager (Male) |
| 15:34 | Create | Villager (Male) |
| 15:34 | Create | Villager (Male) |
| 15:34 | Create | Villager (Male) |
| 15:44 | Build | Farm |
| 15:54 | Build | Farm |
| 16:06 | Create | Villager (Male) |
| 16:07 | Create | Villager (Male) |
| 16:07 | Create | Villager (Male) |
| 16:07 | Create | Villager (Male) |
| 16:18 | Build | Farm |
| 16:23 | Build | Farm |
| 16:31 | Build | Farm |
| 16:37 | Create | Villager (Male) |
| 16:37 | Create | Villager (Male) |
| 16:38 | Create | Villager (Male) |
| 16:38 | Create | Villager (Male) |
| 16:53 | Build | House |
| 16:56 | Build | House |
| 17:01 | Build | House |
| 17:17 | Build | Farm |
| 17:25 | Build | Farm |
| 17:29 | Create | Villager (Male) |
| 17:30 | Create | Villager (Male) |
| 17:30 | Create | Villager (Male) |
| 17:38 | Build | Farm |
| 17:40 | Build | Farm |
| 18:30 | Build | Farm |
| 19:14 | Build | Farm |
| 19:16 | Build | Farm |
| 19:18 | Build | Farm |
| 19:27 | Create | Villager (Male) |
| 19:50 | Build | Farm |
| 20:20 | Build | Outpost |
| 20:26 | Research | Castle Age |
| 20:26 | Research | Castle Age |
| 20:26 | Research | Castle Age |
| 23:06 | Age | Castle Age |
| 23:15 | Research | Hand Cart |
| 23:15 | Research | Hand Cart |
| 23:18 | Research | Heavy Plow |
| 23:18 | Research | Heavy Plow |
| 23:21 | Research | Bow Saw |
| 23:21 | Research | Bow Saw |
| 23:24 | Research | Gold Shaft Mining |
| 23:25 | Research | Gold Shaft Mining |
| 23:25 | Research | Stone Shaft Mining |
| 23:25 | Research | Stone Shaft Mining |
| 23:30 | Create | Villager (Male) |
| 23:30 | Create | Villager (Male) |
| 23:30 | Create | Villager (Male) |
| 23:31 | Create | Villager (Male) |
| 23:31 | Create | Villager (Male) |
| 23:31 | Create | Villager (Male) |
| 23:31 | Create | Villager (Male) |
| 23:32 | Create | Villager (Male) |
| 23:43 | Build | Town Center |
| 23:52 | Create | Villager (Male) |
| 23:52 | Create | Villager (Male) |
| 23:53 | Create | Villager (Male) |
| 23:53 | Create | Villager (Male) |
| 24:13 | Build | Castle |
| 24:21 | Create | Villager (Male) |
| 24:21 | Create | Villager (Male) |
| 24:21 | Create | Villager (Male) |
| 24:22 | Create | Villager (Male) |
| 24:47 | Build | University |
Build order — Gilbert
First 150 of 235 actions detected
| 0:12 | Build | House |
| 0:14 | Create | Villager (Male) |
| 0:14 | Create | Villager (Male) |
| 0:14 | Create | Villager (Male) |
| 0:14 | Create | Villager (Male) |
| 0:15 | Create | Villager (Male) |
| 0:41 | Build | House |
| 1:11 | Build | House |
| 1:39 | Build | Mill |
| 1:46 | Build | House |
| 1:48 | Create | Villager (Male) |
| 1:51 | Create | Villager (Male) |
| 2:28 | Research | Loom |
| 2:47 | Create | Villager (Male) |
| 3:12 | Create | Villager (Male) |
| 3:48 | Create | Villager (Male) |
| 4:08 | Create | Villager (Male) |
| 4:24 | Create | Villager (Male) |
| 4:27 | Create | Villager (Male) |
| 4:32 | Create | Villager (Male) |
| 4:50 | Create | Villager (Male) |
| 5:16 | Create | Villager (Male) |
| 5:36 | Create | Villager (Male) |
| 6:05 | Build | Lumber Camp |
| 6:11 | Create | Villager (Male) |
| 6:25 | Create | Villager (Male) |
| 7:45 | Create | Villager (Male) |
| 7:47 | Create | Villager (Male) |
| 7:50 | Create | Villager (Male) |
| 8:17 | Build | Barracks |
| 8:34 | Create | Villager (Male) |
| 8:37 | Create | Villager (Male) |
| 8:39 | Create | Villager (Male) |
| 8:46 | Build | Farm |
| 9:06 | Create | Villager (Male) |
| 9:12 | Build | Farm |
| 10:01 | Build | Farm |
| 10:12 | Research | Feudal Age |
| 12:22 | Age | Feudal Age |
| 12:22 | Build | Mill |
| 12:32 | Create | Villager (Male) |
| 12:35 | Research | Double-Bit Axe |
| 12:41 | Research | Man-at-Arms (upgrade) |
| 12:45 | Research | Horse Collar |
| 12:57 | Build | House |
| 13:00 | Build | House |
| 13:03 | Build | House |
| 13:06 | Build | House |
| 13:15 | Create | Villager (Male) |
| 13:16 | Create | Villager (Male) |
| 13:16 | Create | Villager (Male) |
| 13:16 | Create | Villager (Male) |
| 13:17 | Create | Villager (Male) |
| 13:17 | Create | Villager (Male) |
| 13:17 | Create | Villager (Male) |
| 13:18 | Create | Villager (Male) |
| 13:19 | Create | Villager (Male) |
| 13:19 | Create | Villager (Male) |
| 13:19 | Create | Villager (Male) |
| 13:36 | Build | Farm |
| 13:40 | Build | Farm |
| 13:48 | Build | Farm |
| 14:38 | Build | Mill |
| 15:10 | Research | Wheelbarrow |
| 15:24 | Build | Farm |
| 15:41 | Research | Town Watch |
| 15:49 | Build | Farm |
| 16:18 | Build | Watch Tower |
| 16:24 | Build | Farm |
| 16:45 | Research | Arson |
| 16:46 | Create | Spearman |
| 16:47 | Create | Spearman |
| 17:02 | Build | House |
| 17:28 | Build | Lumber Camp |
| 17:39 | Create | Spearman |
| 17:42 | Create | Spearman |
| 17:48 | Create | Villager (Male) |
| 17:48 | Create | Villager (Male) |
| 17:48 | Create | Villager (Male) |
| 17:49 | Create | Villager (Male) |
| 17:49 | Create | Villager (Male) |
| 17:50 | Create | Villager (Male) |
| 17:50 | Create | Villager (Male) |
| 17:50 | Create | Villager (Male) |
| 17:51 | Create | Villager (Male) |
| 17:51 | Create | Villager (Male) |
| 17:51 | Create | Villager (Male) |
| 17:52 | Create | Villager (Male) |
| 17:52 | Create | Villager (Male) |
| 17:52 | Create | Villager (Male) |
| 17:58 | Build | House |
| 18:36 | Build | House |
| 18:53 | Build | Mining Camp |
| 18:59 | Build | Farm |
| 19:13 | Create | Villager (Male) |
| 19:13 | Create | Villager (Male) |
| 19:31 | Create | Villager (Male) |
| 20:01 | Build | Barracks |
| 20:11 | Build | Farm |
| 21:43 | Build | Mining Camp |
| 21:55 | Create | Spearman |
| 21:55 | Create | Spearman |
| 21:56 | Create | Spearman |
| 21:57 | Create | Spearman |
| 22:09 | Build | Lumber Camp |
| 22:54 | Build | Mining Camp |
| 22:59 | Build | Barracks |
| 23:01 | Create | Spearman |
| 23:01 | Create | Spearman |
| 23:12 | Build | Farm |
| 23:22 | Build | Farm |
| 23:39 | Build | Market |
| 23:50 | Build | Market |
| 23:53 | Build | House |
| 23:57 | Build | House |
| 24:06 | Build | Barracks |
| 24:09 | Create | Spearman |
| 24:09 | Create | Spearman |
| 24:33 | Build | Farm |
| 24:59 | Build | Blacksmith |
| 25:14 | Build | Archery Range |
| 25:17 | Create | Spearman |
| 25:17 | Create | Spearman |
| 25:54 | Build | Archery Range |
| 26:04 | Build | Farm |
| 26:10 | Build | House |
| 26:15 | Build | Farm |
| 26:17 | Research | Castle Age |
| 26:20 | Create | Trade Cart |
| 26:20 | Create | Trade Cart |
| 26:25 | Research | Forging |
| 26:33 | Build | Farm |
| 26:44 | Build | House |
| 26:53 | Build | House |
| 26:59 | Build | House |
| 27:25 | Build | Stable |
| 27:30 | Create | Spearman |
| 27:30 | Create | Spearman |
| 27:41 | Build | Farm |
| 27:46 | Research | Fletching |
| 27:47 | Research | Scale Mail Armor |
| 27:48 | Research | Padded Archer Armor |
| 27:49 | Research | Scale Barding Armor |
| 27:55 | Create | Villager (Male) |
| 27:55 | Create | Villager (Male) |
| 27:56 | Create | Villager (Male) |
| 27:56 | Create | Villager (Male) |
| 27:56 | Create | Villager (Male) |
| 27:57 | Create | Villager (Male) |
| 27:57 | Create | Villager (Male) |
Build order — SAMY LA LESBIANA
First 150 of 190 actions detected
| 0:03 | Build | House |
| 0:05 | Build | House |
| 0:06 | Create | Villager (Male) |
| 0:06 | Create | Villager (Male) |
| 0:06 | Create | Villager (Male) |
| 0:06 | Create | Villager (Male) |
| 0:07 | Create | Villager (Male) |
| 1:31 | Create | Villager (Male) |
| 2:02 | Research | Loom |
| 2:16 | Create | Villager (Male) |
| 2:27 | Create | Villager (Male) |
| 3:07 | Create | Villager (Male) |
| 3:22 | Create | Villager (Male) |
| 3:56 | Create | Villager (Male) |
| 4:12 | Create | Villager (Male) |
| 4:45 | Create | Villager (Male) |
| 4:55 | Build | House |
| 4:56 | Build | House |
| 4:57 | Build | House |
| 4:58 | Build | House |
| 4:59 | Build | House |
| 5:01 | Build | House |
| 5:02 | Build | House |
| 5:49 | Create | Villager (Male) |
| 5:49 | Create | Villager (Male) |
| 6:33 | Create | Villager (Male) |
| 7:04 | Create | Villager (Male) |
| 7:11 | Build | Mining Camp |
| 7:53 | Create | Villager (Male) |
| 7:53 | Create | Villager (Male) |
| 7:55 | Create | Villager (Male) |
| 8:13 | Build | Mill |
| 8:43 | Build | Mining Camp |
| 8:50 | Build | Lumber Camp |
| 9:24 | Build | Lumber Camp |
| 12:15 | Research | Feudal Age |
| 14:02 | Create | Villager (Male) |
| 14:03 | Create | Villager (Male) |
| 14:03 | Create | Villager (Male) |
| 14:03 | Create | Villager (Male) |
| 14:25 | Age | Feudal Age |
| 14:41 | Build | Blacksmith |
| 14:52 | Build | Market |
| 14:54 | Build | Market |
| 15:50 | Build | Barracks |
| 16:47 | Build | Archery Range |
| 17:23 | Build | Farm |
| 17:53 | Build | Farm |
| 19:06 | Research | Castle Age |
| 19:13 | Build | Farm |
| 19:15 | Build | Farm |
| 19:16 | Build | Farm |
| 19:18 | Build | Farm |
| 19:19 | Build | Farm |
| 19:21 | Build | Farm |
| 19:22 | Build | Farm |
| 19:25 | Build | Farm |
| 19:26 | Build | Farm |
| 19:28 | Build | Farm |
| 20:01 | Create | Skirmisher |
| 20:03 | Create | Skirmisher |
| 20:04 | Create | Skirmisher |
| 20:13 | Create | Skirmisher |
| 20:18 | Create | Skirmisher |
| 20:21 | Create | Skirmisher |
| 20:23 | Create | Skirmisher |
| 20:40 | Create | Spearman |
| 20:46 | Create | Spearman |
| 20:48 | Create | Spearman |
| 20:54 | Create | Spearman |
| 20:59 | Create | Spearman |
| 21:46 | Age | Castle Age |
| 21:59 | Build | Town Center |
| 23:56 | Create | Villager (Male) ×5 |
| 23:56 | Create | Villager (Male) ×5 |
| 23:56 | Create | Villager (Male) ×5 |
| 24:13 | Create | Villager (Male) |
| 24:15 | Create | Villager (Male) |
| 24:44 | Build | Farm |
| 24:45 | Build | Farm |
| 24:47 | Build | Farm |
| 24:48 | Build | Farm |
| 24:51 | Build | Farm |
| 24:52 | Build | Farm |
| 24:55 | Create | Villager (Male) |
| 25:00 | Create | Villager (Male) |
| 25:02 | Create | Villager (Male) |
| 25:16 | Create | Villager (Male) |
| 25:20 | Create | Villager (Male) |
| 26:17 | Build | Castle |
| 26:29 | Create | Villager (Male) |
| 26:30 | Create | Villager (Male) |
| 26:32 | Create | Villager (Male) |
| 26:42 | Build | House |
| 26:45 | Build | House |
| 26:47 | Build | House |
| 26:48 | Build | House |
| 26:52 | Build | House |
| 26:53 | Build | House |
| 27:05 | Research | Wheelbarrow |
| 27:11 | Research | Caravan |
| 27:38 | Create | Trade Cart |
| 27:39 | Create | Trade Cart |
| 27:42 | Create | Trade Cart |
| 27:43 | Create | Trade Cart |
| 27:56 | Create | Villager (Male) |
| 27:56 | Create | Villager (Male) |
| 27:56 | Create | Villager (Male) |
| 27:57 | Create | Villager (Male) |
| 27:57 | Create | Villager (Male) |
| 30:10 | Build | Farm |
| 30:11 | Build | Farm |
| 30:13 | Build | Farm |
| 30:16 | Build | Farm |
| 30:28 | Research | Horse Collar |
| 30:36 | Create | Villager (Male) ×5 |
| 30:50 | Create | Trade Cart |
| 30:52 | Create | Trade Cart |
| 31:04 | Build | Farm |
| 31:18 | Build | House |
| 31:19 | Build | House |
| 31:20 | Build | House |
| 31:21 | Build | House |
| 31:22 | Build | House |
| 32:01 | Research | Double-Bit Axe |
| 32:12 | Build | Farm |
| 32:13 | Build | Farm |
| 32:14 | Build | Farm |
| 32:28 | Build | Farm |
| 32:32 | Research | Bow Saw |
| 32:36 | Create | Villager (Male) |
| 32:36 | Create | Villager (Male) |
| 32:36 | Create | Villager (Male) |
| 32:36 | Create | Villager (Male) |
| 32:37 | Create | Villager (Male) |
| 32:40 | Research | Imperial Age |
| 32:46 | Build | Farm |
| 32:53 | Create | Trade Cart |
| 33:06 | Create | Trade Cart |
| 33:41 | Build | Palisade Wall |
| 33:55 | Research | Heavy Plow |
| 34:03 | Build | House |
| 34:04 | Build | House |
| 34:05 | Build | House |
| 34:07 | Build | House |
| 34:08 | Build | House |
| 34:11 | Build | House |
| 34:26 | Build | Barracks |
| 34:28 | Build | Barracks |
| 34:29 | Build | Barracks |
Match timeline
| 7:05 | happyhomeheating · first_building Barracks |
| 8:17 | Gilbert · first_building Barracks |
| 8:48 | Oculists · first_building Barracks |
| 10:36 | 东哥 · age_up feudal |
| 12:17 | happyhomeheating · age_up feudal |
| 12:22 | Gilbert · age_up feudal |
| 12:50 | meaglem · age_up feudal |
| 13:26 | 沿途捡的梦 · first_building Barracks |
| 13:39 | 东哥 · first_building Barracks |
| 14:25 | 沿途捡的梦 · age_up feudal |
| 14:25 | SAMY LA LESBIANA · age_up feudal |
| 14:50 | 沿途捡的梦 · first_building Archery Range |
| 14:55 | 东哥 · first_building Archery Range |
| 15:28 | Oculists · age_up feudal |
| 15:50 | SAMY LA LESBIANA · first_building Barracks |
| 16:11 | Oculists · first_building Archery Range |
| 16:39 | lipeestrignado · age_up feudal |
| 16:47 | SAMY LA LESBIANA · first_building Archery Range |
| 17:50 | happyhomeheating · wall_segment Stone Wall x34 |
| 18:25 | lipeestrignado · first_building Barracks |
| 19:39 | meaglem · age_up castle |
| 20:58 | 沿途捡的梦 · age_up castle |
| 21:03 | 沿途捡的梦 · first_building Monastery |
| 21:18 | 沿途捡的梦 · first_building Castle |
| 21:46 | SAMY LA LESBIANA · age_up castle |
| 22:23 | lipeestrignado · first_building Archery Range |
| 22:29 | lipeestrignado · first_building Stable |
| 23:06 | 东哥 · age_up castle |
| 24:11 | meaglem · first_building Barracks |
| 24:13 | 东哥 · first_building Castle |
| 24:40 | meaglem · first_building Castle |
| 24:47 | happyhomeheating · age_up castle |
| 25:14 | Gilbert · first_building Archery Range |
| 26:17 | SAMY LA LESBIANA · first_building Castle |
| 26:18 | meaglem · first_building Siege Workshop |
| 26:54 | Oculists · age_up castle |
| 26:58 | Oculists · first_building Castle |
| 27:17 | meaglem · first_building Monastery |
| 27:25 | Gilbert · first_building Stable |
| 27:39 | lipeestrignado · age_up castle |
| 29:08 | Gilbert · age_up castle |
| 30:15 | Gilbert · first_building Castle |
| 30:37 | happyhomeheating · first_market_buy 100 wood |
| 31:19 | meaglem · first_building Stable |
| 31:40 | Oculists · age_up imperial |
| 31:54 | happyhomeheating · first_building Archery Range |
| 31:56 | lipeestrignado · first_building Castle |
| 32:10 | 东哥 · first_building Siege Workshop |
| 32:45 | meaglem · first_building Archery Range |
| 32:56 | 东哥 · age_up imperial |
| 33:41 | SAMY LA LESBIANA · wall_segment Palisade Wall x26 |
| 34:09 | Gilbert · first_building Siege Workshop |
| 34:32 | Oculists · first_building Monastery |
| 35:08 | lipeestrignado · first_building Siege Workshop |
| 35:10 | 沿途捡的梦 · age_up imperial |
| 35:50 | SAMY LA LESBIANA · age_up imperial |
| 36:14 | happyhomeheating · first_building Castle |
| 36:40 | happyhomeheating · tribute_sent a jugador 1 |
| 36:40 | happyhomeheating · tribute_sent a jugador 2 |
| 36:40 | happyhomeheating · tribute_sent a jugador 4 |
| 36:40 | happyhomeheating · tribute_sent a jugador 5 |
| 36:40 | happyhomeheating · tribute_sent a jugador 6 |
| 36:40 | happyhomeheating · tribute_sent a jugador 7 |
| 36:40 | happyhomeheating · tribute_sent a jugador 8 |
| 37:30 | happyhomeheating · tribute_sent a jugador 1 |
| 37:30 | happyhomeheating · tribute_sent a jugador 2 |
| 37:30 | happyhomeheating · tribute_sent a jugador 4 |
| 37:30 | happyhomeheating · tribute_sent a jugador 5 |
| 37:30 | happyhomeheating · tribute_sent a jugador 6 |
| 37:30 | happyhomeheating · tribute_sent a jugador 7 |
| 37:30 | happyhomeheating · tribute_sent a jugador 8 |
| 37:51 | lipeestrignado · resign |
[ AI ANALYSIS · 1 CREDIT ]
What really happened in this match?
Wolo.gg analyzes every decision: build order, eco, micro, common mistakes by bracket. Personalized analysis on WhatsApp or Discord in 30 seconds.
Civ guide
Bohemians
Perfil
Jugador #10973628